 Dungeon Crawl Stone Soup version 0.31.0-11-ge490571c62 (webtiles) character file.

Game seed: 1529452383056208048

233 qw the Skirmisher (level 5, -3/30 HPs)
             Began as a Deep Elf Hunter on Feb 4, 2024.
             Slain by an orc
             ... wielding a +0 trident
              (6 damage)
             ... on level 4 of the Dungeon.
             The game lasted 00:00:08 (2295 turns).

qw the Skirmisher (Deep Elf Hunter)                 Turns: 2295, Time: 00:00:09

Health: -3/30      AC:  5    Str: 10    XL:     5   Next: 75%
Magic:  7/7        EV: 11    Int: 14    God:
Gold:   57         SH:  0    Dex: 18    Spells: 4/4 levels left

rFire   . . .        b - +10 sling "Ikhledet" {heavy, rN+ SInv}
rCold   . . .        (no shield)
rNeg    + . .        d - +0 ring mail
rPois   .            (no helmet)
rElec   .            (no cloak)
rCorr   .            (no gloves)
SInv    +            (no boots)
Will    .....        h - amulet of faith
Stlth   +            (no ring)
HPRegen 0.25/turn    (no ring)
MPRegen 0.10/turn

%: faith
@: no status effects
A: no striking features
a: no special abilities


You were on level 4 of the Dungeon.
You visited 1 branch of the dungeon, and saw 4 of its levels.

You collected 57 gold pieces.


   Skills:
 - Level 2.0 Fighting
 + Level 9.1 Ranged Weapons
 - Level 2.4 Dodging
 - Level 1.2 Stealth


You had 4 spell levels left.
You didn't know any spells.
Your spell library was empty.

Inventory:

Hand Weapons
 b - the +10 sling "Ikhledet" (weapon) {heavy, rN+ SInv}
   (You found it on level 2 of the Dungeon)

   rN+:       It protects you from negative energy.
   SInv:      It lets you see invisible.
Armour
 d - a +0 ring mail (worn)
Jewellery
 h - an amulet of faith (around neck)
Wands
 e - a wand of acid (4)
Potions
 a - a potion of lignification {unknown}
 c - a potion of attraction {unknown}
 f - a potion of brilliance {unknown}
 g - a potion of might
 i - a potion of curing {unknown}

Dungeon Overview and Level Annotations

Branches:
Dungeon (4/15)
 Temple: D:4-7

Altars:


Message History

You hear a shout!
An orc priest comes into view. It is wielding a +0 club.
You shoot a sling bullet. The sling bullet hits the orc wizard!!
You kill the orc wizard!
The orc priest calls down the wrath of Beogh upon you.
Beogh smites you!
You hear a shout!
Your Ranged Weapons skill increases to level 9!
2269 ||| FLEEEEING.
2270 ||| FLEEEEING.
You start resting.
An orc priest is nearby!
You shoot a sling bullet. The sling bullet hits the orc priest!!
You kill the orc priest!
Your Fighting skill increases to level 2!
You start resting.
An orc comes into view. It is wielding a +0 club.
You shoot a sling bullet. The sling bullet barely misses the orc.
The orc barely misses you.
You shoot a sling bullet. The sling bullet barely misses the orc.
You hear a shout!
The orc hits you with a +0 club. x2
You shoot a sling bullet.
The sling bullet closely misses the orc.
The orc hits you but does no damage. The orc hits you with a +0 club.
You shoot a sling bullet. The sling bullet barely misses the orc.
The orc hits you but does no damage.
You shoot a sling bullet. The sling bullet hits the orc.
The orc is heavily wounded.
An orc comes into view. It is wielding a +0 trident.
The orc barely misses you. x2
The orc hits you from afar with a +0 trident.
You shoot a sling bullet. The sling bullet hits the orc!
You kill the orc!
The orc hits you from afar with a +0 trident.
You shoot a sling bullet.
The sling bullet closely misses the orc.
The orc closely misses you.
The orc hits you from afar with a +0 trident.
You die...

#.......#
#.......#
#...)...###
+.........
#.......#####
###.....)......
.)o.....o#
########)#
#...<..@.#
#.####...#
#......#
#......#
######.# ..#
###


You could see an orc.

Vanquished Creatures
  A bombardier beetle (D:3)
  2 orc priests
  An orc wizard (D:4)
  3 gnolls (D:2)
  3 adders
  2 dart slugs
  2 ribbon worms
  5 orcs
  7 ball pythons
  4 bats
  6 endoplasms
  3 giant cockroaches
  4 goblins
  4 hobgoblins
  3 frilled lizards
  2 kobolds
  6 rats
58 creatures vanquished.

Notes
Turn   | Place    | Note
-------+----------+-------------------------------------------
     0 | D:1      | qw the Deep Elf Hunter began the quest for the Orb.
     0 | D:1      | Reached XP level 1. HP: 12/12 MP: 3/3
     0 | D:1      | 0 ||| qw: Version: 0.3-a-160-g6735b56
     0 | D:1      | 0 ||| qw: Game counter: 4643
     0 | D:1      | 0 ||| qw: Melee chars always use a shield: true
     0 | D:1      | 0 ||| qw: God list: Okawaru
     0 | D:1      | 0 ||| qw: Allow faded altars: false
     0 | D:1      | 0 ||| qw: Do Orc after clearing Dungeon:15 true
     0 | D:1      | 0 ||| qw: Do second Lair branch before Depths: true
     0 | D:1      | 0 ||| qw: Lair rune preference: random
     0 | D:1      | 0 ||| qw: Goals: Normal
     0 | D:1      | 0 ||| PLANNING D:1-11
    85 | D:1      | Reached skill level 6 in Ranged Weapons
    85 | D:1      | Reached XP level 2. HP: 16/16 MP: 4/4
   267 | D:1      | Found a faded altar of an unknown god.
   499 | D:1      | 499 ||| UPGRADING to +0 ring mail.
   509 | D:1      | 509 ||| DROPPING +0 leather armour.
   510 | D:1      | 510 ||| READING scroll labelled LATHYIGGAE.
   611 | D:1      | 611 ||| READING scroll labelled AMMAFE TUAPOIZU.
   611 | D:1      | 611 ||| IDENTIFYING sapphire potion
   612 | D:1      | 612 ||| READING scroll labelled BUGHIA IRETHA.
   613 | D:1      | 613 ||| DROPPING scroll of butterflies.
   678 | D:2      | Identified the +10 sling "Ikhledet" {heavy, rN+ SInv}
   680 | D:2      | 680 ||| SWAPPING to +10 sling "Ikhledet" {heavy, rN+ SInv}.
   681 | D:2      | 681 ||| DROPPING +0 shortbow.
   822 | D:2      | 822 ||| RETREEEEATING.
   827 | D:2      | Reached XP level 3. HP: 11/20 MP: 5/5
   829 | D:2      | Reached skill level 7 in Ranged Weapons
   832 | D:2      | Reached XP level 4. HP: 12/25 MP: 6/6
  1490 | D:3      | 1490 ||| FLEEEEING.
  1491 | D:3      | 1491 ||| FLEEEEING.
  1492 | D:3      | 1492 ||| FLEEEEING.
  1494 | D:3      | 1494 ||| FLEEEEING.
  1498 | D:3      | 1498 ||| FLEEEEING.
  1502 | D:3      | Reached skill level 8 in Ranged Weapons
  1602 | D:3      | Reached XP level 5. HP: 29/29 MP: 7/7
  2220 | D:3      | 2220 ||| UPGRADING to amulet of faith.
  2260 | D:4      | 2260 ||| PLANNING SEWER
  2269 | D:4      | Reached skill level 9 in Ranged Weapons
  2269 | D:4      | 2269 ||| FLEEEEING.
  2270 | D:4      | 2270 ||| FLEEEEING.
  2293 | D:4      | HP: 5/30 [orc/+0 trident (6)]
  2294 | D:4      | HP: 2/30 [orc/+0 trident (3)]
  2295 | D:4      | Slain by an orc

Levels and vault maps discovered:
D:1:      minmay_arrival_wavy_path, layout_basic,
          ebering_ecumenical_altar_sacrificial
D:2:      layout_basic, dreamdust_wishing_well, nicolae_underground_beach
D:3:      layout_basic, kennysheep_big_empty_room
D:4:      layout_basic, lemuel_tele_altar, gammafunk_temple_overflow_pools,
          mainiacjoe_sewer_entry_somewhere_in_here_2, uniq_natasha

Skill      XL: |  1  2  3  4  5 |
---------------+----------------+-----
Ranged Weapons | 6 7 8 9 |  9.1
Fighting       | 2 |  2.0
Dodging        | |  2.4
Stealth        | |  1.2

Action                     |  1- 3 |  4- 6 || total
---------------------------+-------+-------++-------
   Fire: Shortbow          |    36 |       ||    36
         Sling             |    16 |    60 ||    76
    Use: Scroll            |     3 |       ||     3
 Armour: Ring mail         |    12 |    16 ||    28
         Leather armour    |     5 |       ||     5
  Dodge: Dodged            |    22 |    10 ||    32

Table legend:
 A = Non-vault XP
 B = Vault XP
 C = Vault XP percentage of total XP
 D = Non-vault monster count
 E = Vault monster count
 F = Vault count percentage of total count
                 A         B        C        D         E       F
            +---------+---------+-------+---------+---------+-------
      Total |     334 |       0 |   0.0 |      58 |       0 |   0.0
            +---------+---------+-------+---------+---------+-------
        D:1 |      31 |       0 |   0.0 |      18 |       0 |   0.0
        D:2 |      97 |       0 |   0.0 |      19 |       0 |   0.0
        D:3 |     127 |       0 |   0.0 |      18 |       0 |   0.0
        D:4 |      79 |       0 |   0.0 |       3 |       0 |   0.0
            +---------+---------+-------+---------+---------+-------
